 Dungeon Crawl Stone Soup version 0.24.0-125-gc4c63601f3 (webtiles) character file.

Game seed: 10755186647896966435, levelgen mode: deterministic

1775 4FPSwarrior the Covert (level 9, -8/47 HPs)
             Began as a Vine Stalker Assassin on Feb 19, 2020.
             Was a Follower of Okawaru.
             Hit by a boomerang thrown by an orc warrior (13 damage)
             ... on level 6 of the Dungeon.
             The game lasted 00:30:32 (5407 turns).

4FPSwarrior the Covert (Vine Stalker Assassin)      Turns: 5407, Time: 00:30:33

Health: -8/47      AC:  5    Str: 15    XL:     9   Next: 8%
Magic:  0/15       EV: 11    Int: 13    God:    Okawaru [*.....]
Gold:   94         SH:  2    Dex: 16    Spells: 8/15 levels left

rFire    + . .     SeeInvis .   r - +3 dagger
rCold    . . .     Gourm    .   (no shield)
rNeg     . . .     Faith    .   C - +0 robe {MR+}
rPois    .         Spirit   +   z - +0 helmet
rElec    .         Reflect  +   c - +0 cloak
rCorr    .         Harm     .   g - +0 pair of gloves
MR       +++..                  (no boots)
Stlth    ++++......             E - +2 amulet of reflection
HPRegen  0.55/turn              i - ring of protection from fire
MPRegen  0.14/turn              F - ring of protection from magic

@: no status effects
A: fangs 3, regeneration 1, magic shield, antimagic bite, no potion heal 3, rot
immunity
a: Heroism, Renounce Religion


You were on level 6 of the Dungeon.
You worshipped Okawaru.
Okawaru was aware of your devotion.
You were not hungry.

You visited 2 branches of the dungeon, and saw 7 of its levels.

You collected 419 gold pieces.
You spent 325 gold pieces at shops.

Inventory:

Hand Weapons
 h - a +0 dagger of protection
 r - a +3 dagger (weapon)
 v - a +2 dagger of venom
Missiles
 u - 10 boomerangs (quivered)
 D - 2 silver boomerangs
Armour
 c - a +0 cloak (worn)
 g - a +0 pair of gloves (worn)
 p - a +0 leather armour
 z - a +0 helmet (worn)
 C - a +0 robe of magic resistance (worn)
Jewellery
 i - a ring of protection from fire (left hand)
 A - an uncursed ring of fire
 E - a +2 amulet of reflection (around neck)
 F - a ring of protection from magic (right hand)
Wands
 a - a wand of paralysis (2)
 o - a wand of enslavement (10)
Scrolls
 j - a scroll of fear {unknown}
 l - a scroll of identify
 n - a scroll of enchant weapon {unknown}
 q - a scroll of fog {unknown}
 s - a scroll of amnesia
 x - a scroll of magic mapping {unknown}
 y - a scroll of remove curse
 G - a scroll of immolation {unknown}
Potions
 b - a potion of might
 d - 2 potions of flight
 k - 3 potions of brilliance
 m - 2 potions of agility {unknown}
 t - 2 potions of curing
 w - a potion of degeneration {unknown}
Comestibles
 f - 11 rations
 B - 6 chunks of flesh


   Skills:
 + Level 5.1 Fighting
 + Level 5.0 Short Blades
 - Level 1.7 Throwing
 - Level 0.7 Dodging
 + Level 8.6 Stealth
 * Level 3.7 Spellcasting
 + Level 3.5 Hexes
 + Level 1.4 Transmutations
 + Level 1.5 Earth Magic
 + Level 1.7 Invocations


You had 8 spell levels left.
You knew the following spells:

 Your Spells              Type           Power        Failure   Level  Hunger
a - Confuse               Hex            ##......     14%         3    ###....
b - Petrify               Tmut/Erth      #.......     75%         4    #####..

Your spell library contained the following spells:

 Spells                   Type           Power        Failure   Level  Hunger
 Confusing Touch          Hex            ##....       4%          1    #......
 Gell's Gravitas          Tloc           #.........   54%         3    ###....
 Yara's Violent Unravell  Hex/Tmut       #.........   91%         5    ######.
 Metabolic Englaciation   Hex/Ice        #.........   96%         5    ######.


Dungeon Overview and Level Annotations

Branches:
Dungeon (6/15)             Temple (1/1) D:4

Altars:
Ashenzari
Cheibriados
Dithmenos
Elyvilon
Kikubaaqudgha
Makhleb
Nemelex Xobeh
Okawaru
Qazlal
Ru
Sif Muna
Trog
Uskayaw
Vehumet
Wu Jian
Xom
Yredelemnul
Zin
The Shining One

Shops:
D:6 =


Innate Abilities, Weirdness & Mutations

You have razor-sharp teeth.
Your natural rate of healing is unusually fast.
When hurt, damage is shared between your health and your magic reserves.
Your bite disrupts and absorbs the magic of your enemies.
Potions cannot restore your health.
You are immune to rotting.


Message History

The orc warrior is lightly wounded.
The orc warrior throws a boomerang.
The boomerang closely misses you.
The weapon returns to the orc warrior!
Throwing (i - inventory. (/) - cycle)
u - 10 boomerangs (quivered)
Press: ? - help, Shift-Dir - straight line, f/p - orc warrior
Aim: an orc warrior, wielding a +0 scimitar and wearing a +0 chain mail (lightly wounded, poisoned)
You throw a boomerang.
The boomerang closely misses the orc warrior.
The orc warrior throws a boomerang.
The boomerang hits you!
The weapon returns to the orc warrior!
The orc warrior throws a boomerang.
The boomerang hits you!!
* * * LOW HITPOINT WARNING * * *
The weapon returns to the orc warrior!
The orc warrior throws a boomerang.
The boomerang hits you!
* * * LOW HITPOINT WARNING * * *
The weapon returns to the orc warrior!
Okay, then.
You have no ailments to cure.
The orc warrior throws a boomerang.
The boomerang hits you!
You die...

........#
#.......# #.
#.....(# #.......#
#. #....o.#
#.......# #.
#......#
#.......###.
#......#
#...........
#......#
#.......##..
#......#
#.........[.
#.....##
#.#########.
#....@#####..
..#.....
#####.##....#
#.#...#.
#.##.##.###.###.#.
#.##.#...##.#...#.
#......_........#.
###.##...#.##.#.#.
#.###.##.##...#.
#.###....##.....
#.....#####.....


You could see an orc warrior.

Vanquished Creatures
  Grinder (D:2)
  Sigmund (D:4)
  A water moccasin (D:6)
  Duvessa (D:6)
  2 ogres
  A centaur (D:5)
  Dowan (D:6)
  A scorpion (D:5)
  3 crimson imps
  A bullfrog zombie (D:5)
  2 hounds
  4 orc priests
  Terence (D:2)
  Ijyb (D:3)
  3 iguanas (D:4)
  8 orc wizards
  A worker ant (D:4)
  7 adders
  A shadow imp (D:6)
  An ooze (D:1)
  3 worms (D:2)
  3 dart slugs
  2 leopard geckos
  17 orcs
  3 ball pythons
  5 bats
  6 giant cockroaches
  2 gnoll zombies (D:4)
  5 goblins
  9 hobgoblins
  8 jackals
  A quokka (D:2)
  8 frilled lizards
  5 kobolds
  5 rats
124 creatures vanquished.

Notes
Turn   | Place    | Note
-------+----------+-------------------------------------------
     0 | D:1      | 4FPSwarrior the Vine Stalker Assassin began the quest for
                  | the Orb.
     0 | D:1      | Reached XP level 1. HP: 11/11 MP: 2/2
   124 | D:1      | Reached skill level 5 in Stealth
   177 | D:1      | Reached XP level 2. HP: 15/15 MP: 3/3
   265 | D:1      | Found a shattered altar of Ashenzari.
   713 | D:1      | Reached XP level 3. HP: 13/18 MP: 2/4
  1320 | D:2      | Noticed Terence
  1504 | D:2      | Gained mutation: Your natural rate of healing is unusually
                  | fast. [Vine Stalker growth]
  1504 | D:2      | Reached XP level 4. HP: 23/23 MP: 5/5
  1545 | D:2      | Killed Terence
  1593 | D:2      | Found a shadowy altar of Dithmenos.
  1845 | D:3      | Reached skill level 6 in Stealth
  1853 | D:3      | Noticed Grinder
  1936 | D:2      | Paralysed by Grinder for 7 turns
  1948 | D:2      | Killed Grinder
  1948 | D:2      | Reached XP level 5. HP: 16/29 MP: 6/6
  1948 | D:2      | Reached XP level 6. HP: 19/33 MP: 7/7
  2041 | D:3      | Learned a level 3 spell: Confuse
  2098 | D:2      | Reached skill level 7 in Stealth
  2179 | D:3      | Found an iron altar of Okawaru.
  2267 | D:3      | Noticed Ijyb
  2271 | D:3      | Paralysed by Ijyb for 7 turns
  2399 | D:3      | Paralysed by Ijyb for 6 turns
  2407 | D:3      | Killed Ijyb
  2763 | D:4      | Reached skill level 1 in Hexes
  2763 | D:4      | Reached XP level 7. HP: 30/37 MP: 8/8
  2884 | D:4      | Found a shimmering blue altar of Sif Muna.
  2884 | D:4      | Found a sacrificial altar of Ru.
  2897 | D:4      | Reached skill level 1 in Spellcasting
  2991 | D:4      | Found a basalt altar of Yredelemnul.
  3086 | D:4      | Noticed Sigmund
  3229 | D:4      | Killed Sigmund
  3470 | D:4      | Found a staircase to the Ecumenical Temple.
  3479 | Temple   | Entered the Ecumenical Temple
  3577 | D:3      | Became a worshipper of Warmaster Okawaru
  3596 | D:5      | Entered Level 5 of the Dungeon
  3606 | D:5      | Found a burning altar of Makhleb.
  3810 | D:5      | Gained mutation: You have razor-sharp teeth. [Vine Stalker
                  | growth]
  3810 | D:5      | Reached XP level 8. HP: 42/42 MP: 10/12
  3885 | D:5      | Found a shattered altar of Ashenzari.
  4053 | D:5      | Found a sparkling altar of Nemelex Xobeh.
  4099 | D:5      | Reached skill level 8 in Stealth
  4110 | D:5      | Reached * piety under Okawaru
  4205 | D:5      | Found a shimmering altar of Xom.
  4596 | D:6      | Learned a level 4 spell: Petrify
  4817 | D:6      | Found Ixtyajisk's Jewellery Boutique.
  4817 | D:6      | Noticed Dowan
  4819 | D:6      | Noticed Duvessa
  4840 | D:6      | Killed Duvessa
  4840 | D:6      | Reached skill level 1 in Invocations
  4850 | D:6      | Killed Dowan
  4850 | D:6      | Reached skill level 5 in Fighting
  4850 | D:6      | Reached skill level 1 in Transmutations
  4850 | D:6      | Reached skill level 1 in Earth Magic
  4932 | D:6      | Bought a +2 amulet of reflection for 75 gold pieces
  4932 | D:6      | Bought an uncursed ring of protection from magic for 250
                  | gold pieces
  5050 | D:6      | Reached skill level 5 in Short Blades
  5050 | D:6      | Reached XP level 9. HP: 33/47 MP: 6/15
  5370 | D:6      | Found a bloodstained altar of Trog.
  5407 | D:6      | Hit by a boomerang thrown by an orc warrior

Levels and vault maps discovered:
D:1:      minmay_arrival_radiant_lines, layout_loops_corners, minmay_hedge_maze,
          ashenzari_altar_1
D:2:      layout_rooms, nicolae_overflow_hidden_temple, minmay_tripent,
          uniq_terence
D:3:      layout_rooms, okawaru_ov_weapons_minmay, first_ration, hex_medium,
          uniq_ijyb, uniq_grinder
D:4:      layout_cave_pools, grunt_gozag_breadcrumbs,
          lemuel_zombie_altar_yredelemnul, grunt_temple_overflow_open,
          temple_statues, uniq_pikel, uniq_sigmund
D:5:      layout_basic, lemuel_coloured_pillars_altar, kennysheep_mini,
          lemuel_round_altar, kennysheep_little_box
D:6:      layout_basic, nicolae_overflow_crystal_walls, serial_corexii_hall,
          chequers_hall_statues_corner_a, chequers_hall_statues_corner_a,
          serial_shops, shop, uniq_duvessa
Temple:   compressed_dpeg_triangle_lava_temple

Skill      XL: |  1  2  3  4  5  6  7  8 |
---------------+-------------------------+-----
Stealth        | 5 6 7 8 |  8.6
Short Blades   | 2 3 4 5 |  5.0
Fighting       | 2 3 4 5 |  5.1
Hexes          | 1 2 3 |  3.5
Spellcasting   | 2 3 |  3.7
Invocations    | 1 |  1.7
Transmutations | 1 |  1.4
Earth Magic    | 1 |  1.5
Throwing       | |  1.7
Dodging        | |  0.7

Action                   |  1- 3 |  4- 6 |  7- 9 || total
-------------------------+-------+-------+-------++-------
Melee: Dagger            |    56 |    92 |   270 ||   418
       Bite              |    14 |    26 |    80 ||   120
       Punch             |       |       |     1 ||     1
Throw: Dart              |    53 |    47 |    22 ||   122
       Boomerang         |       |       |    27 ||    27
Invok: Heroism           |       |       |     2 ||     2
Evoke: Wand              |       |       |     1 ||     1
  Use: Scroll            |     2 |     3 |     5 ||    10
       Potion            |       |     3 |     2 ||     5
 Stab: Sleeping          |     9 |     3 |     2 ||    14
       Paralysed         |       |       |     1 ||     1
  Eat: Chunk             |     2 |     4 |     8 ||    14
Armor: Robe              |     6 |       |     4 ||    10
       Leather armour    |    16 |    24 |    42 ||    82
       Skin              |       |       |     7 ||     7
Dodge: Dodged            |    26 |    34 |   105 ||   165
Block: Other             |       |       |     3 ||     3
